 Dungeon Crawl Stone Soup version 0.31-a0-431-g88bdf31460 (webtiles) character file.

Game seed: 2479480714350629109

59018 Xavori the Cleaver (level 15, -12/134 HPs)
             Began as a Djinni Chaos Knight on Aug 1, 2023.
             Was a Plaything of Xom.
             Mangled by a dire elephant (22 damage)
             ... on level 5 of the Lair of Beasts.
             The game lasted 00:34:30 (24596 turns).

Xavori the Cleaver (Djinni Chaos Knight)           Turns: 24596, Time: 00:34:32

Health: -12/134    AC: 28    Str: 23    XL:     15   Next: 32%
Gold:   3620       EV: 13    Int: 13    God:    Xom [..*...] SH:  6 Dex: 20

rFire   + + +        i - +6 war axe (chaos)
rCold   + . .        h - +0 buckler
rNeg    . . .        L - +5 chain mail of Sin {Rampage Will+ Str+2}
rPois   ∞            (helmet unavailable)
rElec   .            V - scarf {rC+ rF+}
rCorr   .            o - +1 pair of gloves {Str+3}
SInv    .            (boots unavailable)
Will    ++++.        x - amulet of faith Stlth
                     z - ring of protection from cold
HPRegen 0.42/turn    Y - +4 ring of protection
MPRegen 0.00/turn

%: clarity, rampage, faith, infuse magic (-13 HP)
@: flying
A: sickness immunity, fire resistance 3, cold vulnerability 1, float, innate
caster, HP casting, extra vitality 1, horns 3, iridescent scales 3, agile 1,
clarity, strong-willed 2, passive freeze, robust 2, strong 2, wild magic 2,
evolution 1, sturdy frame 1, noise suppression
a: Renounce Religion


You were on level 5 of the Lair of Beasts.
You worshipped Xom.
You were a toy of Xom.
You visited 2 branches of the dungeon, and saw 17 of its levels.
You also visited: Sewer, Gauntlet and Ice Cave.

You collected 3812 gold pieces.
You spent 192 gold pieces at shops.

Inventory:

Hand Weapons
 a - a +0 falchion of chaos
 i - a +6 war axe of chaos (weapon)
 R - a +1 long sword of flaming
Missiles
 d - 4 throwing nets
Armour
 h - a +0 buckler (worn)
 o - a +1 pair of gloves of strength (worn)
 G - a +0 kite shield
 L - the +5 chain mail of Sin (worn) {Rampage Will+ Str+2}
   (You found it on level 11 of the Dungeon)

   Str:       It affects your strength (+2).
   Rampage:   It bestows one free step when moving towards enemies.
   Will:      It increases your willpower.
 V - a scarf of resistance (worn)
Jewellery
 g - a ring of wizardry
 m - a ring of fire
 r - a ring of protection from cold
 x - an amulet of faith (around neck)
 z - a ring of protection from cold (left hand)
 A - a +6 ring of intelligence
 W - a ring of ice
 Y - a +4 ring of protection (right hand)
 Z - a ring of protection from cold
Talismans
 F - a dragon-blood talisman
Wands
 k - a wand of digging (5)
 p - a wand of flame (38)
 s - a wand of polymorph (6)
 H - a wand of roots (25)
 I - a wand of mindburst (1)
 Q - a wand of quicksilver (3)
Scrolls
 e - 5 scrolls of immolation
 f - 2 scrolls of fear
 j - 9 scrolls of vulnerability
 l - 3 scrolls of enchant armour
 n - 8 scrolls of enchant weapon
 y - 4 scrolls of teleportation
 D - a scroll of summoning
 M - 5 scrolls of poison
 P - a scroll of revelation
 S - a scroll of brand weapon
 T - a scroll of silence
 U - a scroll of fog
Potions
 q - a potion of attraction
 t - 2 potions of heal wounds
 v - 4 potions of enlightenment
 w - 8 potions of curing
 B - 4 potions of brilliance
 E - a potion of cancellation
 J - 3 potions of mutation
Miscellaneous
 c - a piece from Xom's chessboard (15/15) (quivered)
 N - a tin of tremorstones (2/2)
 O - a phial of floods


   Skills:
 + Level 12.0 Fighting
 - Level 3.0 Long Blades
 + Level 13.5 Axes
 + Level 7.9 Armour
 + Level 7.0 Dodging
 - Level 1.8 Stealth
 + Level 5.5 Shields
 * Level 6.9 Spellcasting
 * Level 6.9 Conjurations
 * Level 6.9 Hexes
 * Level 6.9 Summonings
 * Level 6.9 Necromancy
 * Level 6.9 Translocations
 * Level 6.9 Transmutations
 * Level 6.9 Fire Magic
 * Level 6.9 Ice Magic
 * Level 6.9 Air Magic
 * Level 6.9 Earth Magic
 * Level 6.9 Poison Magic
 * Level 8.2 Evocations


You knew the following spells:

 Your Spells              Type           Power      Damage    Failure   Level
a - Sting                 Tmut/Pois      100%       1d8       10%         1
b - Momentum Strike       Conj/Tloc      70%        3d9       13%         2
c - Gell's Gravitas       Tloc           35%        N/A       22%         3
d - Airstrike             Air            17%        2d(3-19)  52%         4
e - Dispel Undead         Necr           35%        3d15      52%         4
f - Lee's Rapid Deconstr  Erth           17%        3d11*     82%         5
g - Eringya's Noxious Bo  Tmut/Pois      17%        4d6       100%        6
Your spell library was empty.


Dungeon Overview and Level Annotations

Branches:
Dungeon (12/15)            Temple (0/1) D:6            Lair (5/5) D:11
  Swamp (0/4) Lair:3       Spider (0/4) Lair:2        Slime (0/5) Lair:4
    Orc (0/2) D:12          Sewer (visited)           IceCv (visited)
Gauntlet (visited)

Altars:
Elyvilon
Gozag
Okawaru
Qazlal
Ru
Trog
Wu Jian
Xom

Shops:
D:5 :   D:10 ?   D:12 (


Innate Abilities, Weirdness & Mutations

You are immune to sickness and miasma.
You are immune to poison.
Your flesh is almost immune to the effects of heat. (rF+++)
You are vulnerable to cold. (rC-)
You float through the air rather than walking.
You learn spells naturally, not from books.
Your magical power is your life essence.
You have superior vitality. (+4 MHP)
You have a pair of large horns on your head.
You are completely covered in iridescent scales. (AC +6)
You are agile. (Dex +4, Str/Int -1)
You possess an exceptional clarity of mind.
You are highly strong-willed. (Will++)
A frigid envelope surrounds you and freezes all who hurt you.
You are very robust. (+20% HP)
Your muscles are very strong. (Str +8, Int/Dex -2)
Your spells are harder to cast, but more powerful.
You have hidden genetic potential.
Your movements are slightly less encumbered by armour. (ER -2)
You passively dampen the noise of your surroundings.


Message History

The dire elephant is heavily wounded.
You hit the cane toad.
The cane toad seems to speed up.
The cane toad stings you but does no damage.
The cane toad is very cold.
The cane toad is lightly wounded.
The dire elephant tramples you!
You hold your ground!
The dire elephant is very cold.
The dire elephant is severely wounded.
The dire elephant completely misses you.
You barely miss the dire elephant.
You headbutt the dire elephant, but do no damage.
The dire elephant is severely wounded.
You slash the cane toad!
The cane toad suddenly seems more agile.
The cane toad closely misses you. The dire elephant tramples you!
You are shoved backwards!
You hit the dire elephant.
Space warps around the dire elephant.
The dire elephant is severely wounded.
You hit the manticore.
The manticore suddenly seems more agile.
The dire elephant barely misses you. The dire elephant trunk-slaps you!
The dire elephant is very cold.
The dire elephant is severely wounded.
The manticore closely misses you.
The manticore claws you but does no damage.
The manticore is very cold.
The manticore is moderately wounded.
The manticore misses you. The dire elephant tramples you!!
* * * LOW HITPOINT WARNING * * *
You are shoved backwards!
Unknown command.
Unknown command.
Unknown command.
As you read the scroll of fear, it crumbles to dust.
You assume a fearsome visage.
The dream sheep looks frightened!
The dream sheep bleats in terror.
The dire elephant is unaffected.
The cane toad looks frightened!
The manticore looks frightened!
The dire elephant tramples you!!
You die...
Xom snickers!

.. P # # #####
#####...####
#..........# ###
###..@.......#### ##..
#....Y###.#.....###...
#..YH.#..........#....
##.....#...#....P###P..
#P.#†F##...#...###.###.
##...########...†...#..
#..#..Y).##P....#†..#..
##....:?$##.....#...†..
##...H$.##.....#####..


You could see a dire elephant (berserk, very poisoned), a manticore (agile,
fleeing), a cane toad (fast, agile, fleeing) and a dream sheep (fleeing).

Vanquished Creatures
  The ghost of SirDiesAlot the Metamorph, a journeyman OpSh of Makhleb (Lair:4)
  A minotaur (Gauntlet)
  A dire elephant (Lair:5)
  Snorg (D:11)
  Josephine (D:10)
  7 hydras
  3 catoblepae
  3 two-headed ogres
  A boulder beetle (Lair:3)
  3 death yaks (Gauntlet)
  2 bog bodies (IceCv)
  2 lindwurms
  A manticore (Lair:5)
  2 necromancers
  2 ugly things
  A cyclops (D:11)
  10 elephants
  2 ice statues
  A torpor snail (Gauntlet)
  4 black mambas
  An eye of devastation (shapeshifter) (D:12)
  9 cane toads
  6 rime drakes
  7 komodo dragons
  2 kobold demonologists (D:9)
  3 ice devils
  A yaktaur (Lair:3)
  An anaconda simulacrum (IceCv)
  A polar bear (Lair:2)
  A meliai (Lair:2)
  2 hornets
  4 trolls
  A tarantella (Lair:3)
  17 blink frogs
  Sigmund (D:3)
  7 dream sheep
  A jumping spider (Lair:3)
  3 dire elephant simulacra (IceCv)
  11 wraiths
  42 yaks
  8 wyverns
  4 basilisks
  2 humans
  3 death yak simulacra (IceCv)
  A steam dragon (D:9)
  2 redbacks (Lair:3)
  A harpy simulacrum (IceCv)
  2 acid dragons
  16 water moccasins
  2 hydra simulacra (IceCv)
  4 orc warriors
  10 black bears
  An ice beast (D:7)
  A sky beast (D:7)
  A wolf (Lair:5)
  3 phantoms
  3 centaurs
  3 kobold brigands
  20 bullfrogs
  4 scorpions
  4 two-headed ogre simulacra (IceCv)
  A cane toad simulacrum (IceCv)
  3 gnoll sergeants
  8 wights
  4 killer bees (Lair:2)
  3 elephant simulacra (IceCv)
  8 howler monkeys
  An electric eel (Lair:2)
  2 lava snakes (Lair:3)
  5 hounds
  2 jellies (D:5)
  2 orc priests
  Jessica (D:3)
  5 iguanas
  Crazy Yiuf (D:3)
  24 orc wizards
  7 troll simulacra (IceCv)
  3 yak simulacra (Lair:3)
  4 hell rats (Lair:4)
  5 polar bear simulacra
  5 spriggan simulacra (IceCv)
  A wolf simulacrum (Lair:3)
  8 adders
  12 gnolls
  7 river rats
  4 naga simulacra (IceCv)
  A shadow imp (D:6)
  8 white imps
  11 ufetubi
  5 worms
  3 dart slugs
  20 orcs
  4 endoplasms
  2 giant cockroaches (D:4)
  5 goblins
  4 hobgoblins
  8 jackals
  5 quokkas
  3 ball pythons
  5 bats
  3 frilled lizards
  22 kobolds
  15 rats
  2 river rat simulacra (Lair:3)
  A butterfly (Lair:4)
518 creatures vanquished.

Vanquished Creatures (collateral kills)
  Terence (D:2)
  An orc wizard (D:10)
  2 orcs (D:2)
  A ball python (D:2)
  An endoplasm (D:2)
  A kobold (Sewer)
7 creatures vanquished.

Vanquished Creatures (others)
  A rime drake (Gauntlet)
1 creature vanquished.

Grand Total: 526 creatures vanquished

Notes
Turn   | Place    | Note
-------+----------+-------------------------------------------
     0 | D:1      | Xavori the Djinni Chaos Knight began the quest for the Orb.
     0 | D:1      | Reached XP level 1. HP: 20/20 MP: 0/0
   206 | D:1      | XOM: silly message
   208 | D:1      | Reached XP level 2. HP: 25/25 MP: 0/0
   763 | D:1      | Reached XP level 3. HP: 25/30 MP: 0/0
   763 | D:1      | Learned a level 1 spell: Sting
  1261 | D:1      | XOM: silly message
  1790 | D:1      | XOM: scenery: create altars
  1895 | D:1      | XOM: silly message
  1911 | D:1      | XOM: silly message
  2167 | D:1      | XOM: silly message
  2434 | D:1      | XOM: silly message
  3222 | D:1      | XOM: god gift: curved runed staff {god gift}
  3686 | D:1      | XOM: god gift: +6 war axe of chaos
  3715 | D:1      | XOM is BORED!
  4185 | D:1      | XOM: give mutations
  4185 | D:1      | Gained mutation: You are partially covered in iridescent
                  | scales. (AC +2) [Xom's grace]
  4185 | D:1      | Gained mutation: Your spells are a little harder to cast,
                  | but a little more powerful. [Xom's grace]
  5305 | D:1      | XOM: give mutations
  5305 | D:1      | Gained mutation: You are robust. (+10% HP) [Xom's grace]
  5305 | D:1      | Gained mutation: Your muscles are strong. (Str +4, Int/Dex
                  | -1) [Xom's grace]
  5305 | D:1      | Gained mutation: You are mostly covered in iridescent
                  | scales. (AC +4) [Xom's grace]
  5390 | D:2      | XOM: 1-stop teleportation journey
  5397 | D:2      | Found a shimmering altar of Xom.
  5679 | D:2      | XOM: cast spell 'Summon Dragon'
  5682 | D:2      | Reached XP level 4. HP: 38/38 MP: 0/0
  5704 | D:2      | Noticed Terence
  5708 | D:2      | Killed Terence
  5709 | D:2      | Reached skill level 1 in Axes
  6075 | D:2      | XOM: god gift: +1 pair of gloves of strength
  6102 | D:2      | XOM: give mutation
  6102 | D:2      | Gained mutation: You are dopey. (Int -2) [Xom's mischief]
  6276 | D:3      | Reached XP level 5. HP: 44/44 MP: 0/0
  6276 | D:3      | Learned a level 2 spell: Momentum Strike
  6391 | D:3      | XOM: god gift: emerald potion {god gift}
  6468 | D:3      | XOM: scenery: 1 doors open
  6582 | D:3      | Noticed Jessica
  6605 | D:3      | Killed Jessica
  6606 | D:3      | Reached skill level 1 in Spellcasting
  6606 | D:3      | Reached skill level 1 in Conjurations
  6606 | D:3      | Reached skill level 1 in Hexes
  6606 | D:3      | Reached skill level 1 in Summonings
  6606 | D:3      | Reached skill level 1 in Necromancy
  6606 | D:3      | Reached skill level 1 in Translocations
  6606 | D:3      | Reached skill level 1 in Transmutations
  6606 | D:3      | Reached skill level 1 in Fire Magic
  6606 | D:3      | Reached skill level 1 in Ice Magic
  6606 | D:3      | Reached skill level 1 in Air Magic
  6606 | D:3      | Reached skill level 1 in Earth Magic
  6606 | D:3      | Reached skill level 1 in Poison Magic
  6734 | D:3      | Reached skill level 2 in Axes
  6862 | D:3      | Reached XP level 6. HP: 50/51 MP: 0/0
  6889 | D:3      | Noticed Sigmund
  6896 | D:3      | Killed Sigmund
  6897 | D:3      | Reached skill level 3 in Axes
  6897 | D:3      | Reached XP level 7. HP: 56/56 MP: 0/0
  6897 | D:3      | Learned a level 3 spell: Gell's Gravitas
  6981 | D:3      | Found a runed translucent door.
  6982 | D:3      | Noticed Crazy Yiuf
  7086 | D:3      | Found a faded altar of an unknown god.
  7266 | D:3      | XOM: fog
  7268 | D:3      | Killed Crazy Yiuf
  7672 | D:4      | XOM: give mutations
  7672 | D:4      | Lost mutation: Your spells are a little harder to cast, but
                  | a little more powerful. [Xom's mischief]
  7672 | D:4      | Gained mutation: You possess an exceptional clarity of
                  | mind. [Xom's mischief]
  7672 | D:4      | Gained mutation: You expend health (3 HP) to strengthen
                  | your wands. [Xom's mischief]
  8036 | D:4      | XOM: divination: detect creatures
  8067 | D:4      | XOM: give mutations
  8067 | D:4      | Gained mutation: You have a pair of small horns on your
                  | head. [Xom's grace]
  8067 | D:4      | Gained mutation: You are very robust. (+20% HP) [Xom's
                  | grace]
  8067 | D:4      | Gained mutation: A frigid envelope surrounds you and
                  | freezes all who hurt you. [Xom's grace]
  8276 | D:5      | Entered Level 5 of the Dungeon
  8353 | D:5      | Found an ornate altar of the Wu Jian Council.
  8379 | D:5      | Found Plog's Book Boutique.
  8385 | D:5      | Reached skill level 4 in Axes
  8385 | D:5      | Reached skill level 1 in Stealth
  8434 | D:5      | Found a glowing drain.
  8439 | Sewer    | Entered a sewer
  8500 | Sewer    | XOM: summons 2 friendly demons
  8508 | Sewer    | Reached XP level 8. HP: 69/69 MP: 0/0
  8525 | Sewer    | Found a white marble altar of Elyvilon.
  8610 | D:5      | XOM: confuse monster(s)
  8625 | D:5      | Reached skill level 5 in Axes
  8809 | D:5      | Found a shimmering altar of Xom.
  8933 | D:5      | XOM: give mutations
  8933 | D:5      | Gained mutation: Your spells are a little harder to cast,
                  | but a little more powerful. [Xom's grace]
  8933 | D:5      | Gained mutation: You have very sharp teeth. [Xom's grace]
  8933 | D:5      | Gained mutation: You have a pair of horns on your head.
                  | [Xom's grace]
  9407 | D:6      | XOM: divination: detect items
  9452 | D:6      | Found a white marble altar of Elyvilon.
  9540 | D:6      | Reached skill level 5 in Fighting
  9540 | D:6      | Reached skill level 6 in Axes
  9629 | D:6      | Found an opulent altar of Gozag.
  9672 | D:6      | XOM: polymorph orc -> frilled lizard
  9680 | D:6      | Found a staircase to the Ecumenical Temple.
  9730 | D:6      | Reached XP level 9. HP: 78/78 MP: 0/0
  9730 | D:6      | Learned a level 4 spell: Airstrike
  9819 | D:6      | Found a stormy altar of Qazlal.
  9839 | D:6      | XOM: god gift: 61 gold pieces
 10007 | D:6      | Reached skill level 7 in Axes
 10055 | D:6      | XOM: fake destruction
 10142 | D:7      | XOM: noise
 10303 | D:7      | XOM: summons 5 hostile demons
 10398 | D:7      | Reached skill level 1 in Shields
 10506 | D:7      | XOM: 4-stop teleportation journey
 10577 | D:7      | XOM: silly message
 11193 | D:7      | XOM: torment (41/79 hp)
 11524 | D:8      | Reached XP level 10. HP: 80/86 MP: 0/0
 11581 | D:8      | Reached skill level 8 in Axes
 11842 | D:8      | XOM: 7-stop teleportation journey
 11864 | D:8      | XOM: blink monster(s)
 11980 | D:8      | Found a bloodstained altar of Trog.
 12060 | D:8      | Reached skill level 9 in Axes
 12289 | D:9      | XOM: chaos cloud
 12382 | D:9      | Reached XP level 11. HP: 89/94 MP: 0/0
 12382 | D:9      | Learned a level 4 spell: Dispel Undead
 12624 | D:9      | XOM: give mutations
 12624 | D:9      | Gained mutation: Your body sometimes deteriorates upon
                  | taking damage. [Xom's mischief]
 12624 | D:9      | Lost mutation: You have very sharp teeth. [Xom's mischief]
 12723 | D:9      | XOM: 1-stop teleportation journey
 12733 | D:9      | Reached skill level 5 in Dodging
 12781 | D:9      | Found an iron altar of Okawaru.
 12781 | D:9      | Found a sacrificial altar of Ru.
 12785 | D:9      | XOM: polymorph white imp -> cerulean imp
 12889 | D:9      | XOM: give mutations
 12889 | D:9      | Gained mutation: You are strong-willed. (Will+) [Xom's
                  | grace]
 12889 | D:9      | Gained mutation: You have hidden genetic potential. [Xom's
                  | grace]
 12889 | D:9      | Gained mutation: You are completely covered in iridescent
                  | scales. (AC +6) [Xom's grace]
 12889 | D:9      | Gained mutation: Your natural rate of healing is unusually
                  | fast. [Xom's grace]
 13140 | D:10     | Entered Level 10 of the Dungeon
 13350 | D:10     | XOM: 1-stop teleportation journey
 13401 | D:10     | XOM: summons 6 hostile demons
 13424 | D:10     | XOM: cleaving
 13427 | D:10     | Reached skill level 10 in Axes
 13449 | D:10     | You are sucked into a shaft and drop 2 floors!
 13462 | D:12     | Noticed a two-headed ogre
 13472 | D:12     | XOM: fog
 13480 | D:12     | Killed a two-headed ogre
 13481 | D:12     | Reached skill level 1 in Evocations
 13482 | D:12     | Noticed a cyan ugly thing
 13493 | D:12     | XOM: potion effect (attraction)
 13496 | D:12     | Found a staircase to the Orcish Mines.
 13496 | D:12     | XOM: 3-stop teleportation journey
 13519 | D:12     | XOM: confuse monster(s)
 13539 | D:12     | XOM: 3-stop teleportation journey
 13584 | D:11     | Noticed Josephine
 13584 | D:11     | Noticed a cyclops
 13593 | D:10     | XOM: summons 2 friendly demons
 13597 | D:10     | Killed Josephine
 13768 | D:10     | Noticed a two-headed ogre
 13774 | D:10     | Killed a two-headed ogre
 13775 | D:10     | Reached XP level 12. HP: 103/105 MP: 0/0
 13822 | D:10     | XOM: give mutations
 13822 | D:10     | Lost mutation: Your body sometimes deteriorates upon taking
                  | damage. [Xom's mischief]
 13822 | D:10     | Lost mutation: Your natural rate of healing is unusually
                  | fast. [Xom's mischief]
 13935 | D:10     | Found Fyclask's Magic Scroll Boutique.
 13942 | D:10     | Bought a scroll of teleportation for 33 gold pieces
 13942 | D:10     | Bought a scroll of enchant armour for 82 gold pieces
 13942 | D:10     | Bought a scroll of teleportation for 33 gold pieces
 13942 | D:10     | Bought a scroll of amnesia for 44 gold pieces
 14280 | D:11     | Noticed Snorg
 14284 | D:11     | XOM: confuse monster(s)
 14356 | D:11     | Gained mutation: Your muscles are very strong. (Str +8,
                  | Int/Dex -2) [hidden potential]
 14391 | D:11     | XOM: summons friendly quasit
 14401 | D:11     | XOM: polymorph quasit -> cerulean imp
 14488 | D:11     | Noticed a two-headed ogre
 14493 | D:11     | Killed a two-headed ogre
 14587 | D:11     | Identified the +5 chain mail of Sin {Rampage Will+ Str+2}
 14630 | D:11     | XOM: god gift: 26 gold pieces
 14729 | D:11     | XOM: cleaving
 14740 | D:11     | XOM: summons 4 friendly demons
 14795 | D:11     | Found a staircase to the Lair.
 14907 | D:11     | XOM: cleaving
 14915 | D:11     | Killed Snorg
 14916 | D:11     | Reached skill level 5 in Spellcasting
 14916 | D:11     | Reached skill level 5 in Conjurations
 14916 | D:11     | Reached skill level 5 in Hexes
 14916 | D:11     | Reached skill level 5 in Summonings
 14916 | D:11     | Reached skill level 5 in Necromancy
 14916 | D:11     | Reached skill level 5 in Translocations
 14916 | D:11     | Reached skill level 5 in Transmutations
 14916 | D:11     | Reached skill level 5 in Fire Magic
 14916 | D:11     | Reached skill level 5 in Ice Magic
 14916 | D:11     | Reached skill level 5 in Air Magic
 14916 | D:11     | Reached skill level 5 in Earth Magic
 14916 | D:11     | Reached skill level 5 in Poison Magic
 15252 | D:11     | XOM: give mutation
 15252 | D:11     | Gained mutation: Your spells are harder to cast, but more
                  | powerful. [Xom's grace]
 15454 | D:12     | Found Umufouhin's Antique Weapon Shop.
 15460 | D:12     | XOM: confuse monster(s)
 15513 | D:12     | Reached skill level 11 in Axes
 16048 | Lair:1   | Entered Level 1 of the Lair of Beasts
 16089 | Lair:1   | Reached skill level 5 in Armour
 16147 | Lair:1   | XOM: noise
 16151 | Lair:1   | XOM: silly message
 16158 | Lair:1   | Reached XP level 13. HP: 71/115 MP: 0/0
 16158 | Lair:1   | Learned a level 5 spell: Lee's Rapid Deconstruction
 16160 | Lair:1   | Reached skill level 10 in Fighting
 16225 | Lair:1   | XOM: 4-stop teleportation journey
 16488 | Lair:1   | Gained mutation: Your movements are slightly less
                  | encumbered by armour. (ER -2) [hidden potential]
 16488 | Lair:1   | Lost mutation: You have hidden genetic potential. [hidden
                  | potential expressed]
 16881 | Lair:1   | Reached skill level 5 in Evocations
 16959 | Lair:1   | Identified a scroll of acquirement
 16960 | Lair:1   | Acquired 1075 gold pieces
 17063 | Lair:2   | Noticed a catoblepas
 17072 | Lair:2   | Killed a catoblepas
 17091 | Lair:2   | Found a gate leading to a gauntlet.
 17097 | Lair:2   | XOM: potion effect (invisibility)
 17102 | Lair:2   | XOM: confuse monster(s)
 17142 | Gauntlet | Entered a Gauntlet
 17142 | Gauntlet | Found a transporter.
 17142 | Gauntlet | Found a transporter.
 17142 | Gauntlet | Found a transporter.
 17143 | Gauntlet | Found a transporter.
 17144 | Gauntlet | Found a transporter.
 17145 | Gauntlet | Found a large runed translucent door.
 17146 | Gauntlet | Found a large runed translucent door.
 17147 | Gauntlet | Found a large runed translucent door.
 17147 | Gauntlet | Found a large runed translucent door.
 17147 | Gauntlet | Found a transporter.
 17147 | Gauntlet | Found a runed translucent door.
 17148 | Gauntlet | Found a large runed translucent door.
 17149 | Gauntlet | Found a large runed translucent door.
 17150 | Gauntlet | Found a large runed translucent door.
 17150 | Gauntlet | Found a large runed translucent door.
 17151 | Gauntlet | Found a runed translucent door.
 17151 | Gauntlet | Found a runed translucent gate.
 17151 | Gauntlet | Found a runed translucent door.
 17151 | Gauntlet | Found a runed translucent gate.
 17153 | Gauntlet | Found a transporter.
 17155 | Gauntlet | Found a transporter.
 17156 | Gauntlet | Found a transporter.
 17158 | Gauntlet | Found a transporter.
 17166 | Gauntlet | Found a transporter.
 17170 | Gauntlet | Found a transporter.
 17252 | Gauntlet | Found a large runed translucent door.
 17253 | Gauntlet | Found a large runed translucent door.
 17254 | Gauntlet | Found a large runed translucent door.
 17254 | Gauntlet | Found a large runed translucent door.
 17254 | Gauntlet | Found a runed translucent door.
 17255 | Gauntlet | Found a large runed translucent door.
 17256 | Gauntlet | Found a large runed translucent door.
 17257 | Gauntlet | Found a large runed translucent door.
 17257 | Gauntlet | Found a large runed translucent door.
 17258 | Gauntlet | Found a runed translucent gate.
 17274 | Gauntlet | Noticed an entropy weaver
 17342 | Gauntlet | XOM: butterfly on damage
 17534 | Gauntlet | XOM: confuse monster(s)
 17574 | Gauntlet | XOM: silly message
 17667 | Gauntlet | Reached skill level 12 in Axes
 17669 | Gauntlet | XOM: potion effect (brilliance)
 17809 | Gauntlet | XOM: stat loss: -1 Int (11/12)
 18028 | Gauntlet | XOM: noise
 18105 | Gauntlet | Noticed a minotaur
 18115 | Gauntlet | Killed a minotaur
 18391 | Lair:2   | Noticed a six-headed hydra
 18411 | Lair:2   | Killed a three-headed hydra
 18412 | Lair:2   | XOM: enchant monster (bad)
 18415 | Lair:2   | XOM: noise
 18426 | Lair:2   | Noticed an eight-headed hydra
 18434 | Lair:2   | Killed a six-headed hydra
 18582 | Lair:2   | Identified the +0 robe of Ywecsado {+Inv rPois Int+3}
 18592 | Lair:2   | Found a hole to the Spider Nest.
 18643 | Lair:2   | XOM: silly message
 19289 | Lair:3   | XOM: noise
 19294 | Lair:3   | XOM: potion effect (brilliance)
 19312 | Lair:3   | Reached XP level 14. HP: 78/126 MP: 0/0
 19554 | Lair:3   | Found a frozen archway.
 19660 | IceCv    | Entered an ice cave
 19760 | IceCv    | XOM: smoke on damage
 19871 | IceCv    | XOM: summons 3 hostile shadow creatures
 19991 | IceCv    | XOM: smoke on damage
 19991 | IceCv    | XOM: torment (64/126 hp)
 19992 | IceCv    | XOM: swap monsters
 20154 | IceCv    | XOM: summons 2 hostile shadow creatures
 20218 | IceCv    | XOM: give mutations
 20218 | IceCv    | Lost mutation: You are completely covered in iridescent
                  | scales. (AC +6) [Xom's mischief]
 20218 | IceCv    | Lost mutation: You expend health (3 HP) to strengthen your
                  | wands. [Xom's mischief]
 20527 | IceCv    | XOM: stat loss: -1 Str (23/24)
 20586 | IceCv    | XOM: fake destruction
 20702 | IceCv    | XOM: fog
 20766 | IceCv    | XOM: divination: magic mapping
 21315 | Lair:3   | XOM: scenery: create altars
 21318 | Lair:3   | XOM: god gift: runed hand axe {god gift}
 21341 | Lair:3   | XOM: cast spell 'Summon Cactus Giant'
 21537 | Lair:3   | XOM: summons 10 friendly demons
 21544 | Lair:3   | Reached skill level 5 in Shields
 21641 | Lair:3   | Found a staircase to the Swamp.
 21670 | Lair:3   | XOM: fog
 21781 | Lair:3   | XOM: give mutations
 21781 | Lair:3   | Gained mutation: You passively dampen the noise of your
                  | surroundings. [Xom's grace]
 21781 | Lair:3   | Gained mutation: You are agile. (Dex +4, Str/Int -1) [Xom's
                  | grace]
 21781 | Lair:3   | Gained mutation: Your flesh is almost immune to the effects
                  | of heat. (rF+++) [Xom's grace]
 21781 | Lair:3   | Gained mutation: You have a pair of large horns on your
                  | head. [Xom's grace]
 21844 | Lair:3   | XOM: divination: detect creatures
 21861 | Lair:3   | XOM: scenery: create altars
 22008 | Lair:3   | XOM: scenery: create altars
 22149 | Lair:3   | XOM: confuse monster(s)
 22205 | Lair:3   | XOM: polymorph elephant -> yaktaur
 22206 | Lair:3   | XOM: summons 2 friendly demons
 22218 | Lair:3   | Reached skill level 13 in Axes
 22305 | Lair:3   | XOM: summons friendly shadow imp
 22381 | Lair:3   | XOM: give mutations
 22381 | Lair:3   | Gained mutation: You are highly strong-willed. (Will++)
                  | [Xom's grace]
 22381 | Lair:3   | Gained mutation: You are completely covered in iridescent
                  | scales. (AC +6) [Xom's grace]
 22381 | Lair:3   | Gained mutation: You have hidden genetic potential. [Xom's
                  | grace]
 22381 | Lair:3   | Lost mutation: You are dopey. (Int -2) [Xom's grace]
 22384 | Lair:3   | XOM: scenery: summon butterflies
 22415 | Lair:3   | XOM: polymorph shadow imp -> iron imp
 22471 | Lair:3   | XOM: cloud trail
 22507 | Lair:3   | Found a runed translucent door.
 22539 | Lair:3   | XOM: scenery: create altars
 22636 | Lair:3   | Found a runed translucent gate.
 22638 | Lair:3   | Found a runed translucent gate.
 22639 | Lair:3   | Found a runed translucent gate.
 22639 | Lair:3   | Found a runed translucent gate.
 22639 | Lair:3   | Found a runed translucent gate.
 22640 | Lair:3   | Found a runed translucent gate.
 22721 | Lair:3   | XOM: god gift: staff of death
 22765 | Lair:3   | XOM: scenery: summon butterflies
 22907 | Lair:3   | XOM: cleaving
 22956 | Lair:3   | XOM: cast spell 'Discord'
 23041 | Lair:4   | XOM: potion effect (invisibility)
 23044 | Lair:4   | XOM: god gift: 907 gold pieces
 23107 | Lair:4   | Noticed SirDiesAlot's ghost (journeyman OpSh)
 23252 | Lair:4   | XOM: enchant monster (bad)
 23319 | Lair:4   | Found a staircase to the Slime Pits.
 23450 | Lair:4   | Found a runed translucent door.
 23459 | Lair:4   | XOM: silly message
 23463 | Lair:4   | XOM: summons 1 hostile demon
 23481 | Lair:4   | Killed SirDiesAlot's ghost
 23482 | Lair:4   | Reached XP level 15. HP: 105/134 MP: 0/0
 23482 | Lair:4   | Learned a level 6 spell: Eringya's Noxious Bog
 23649 | Lair:4   | XOM: destruction
 23723 | Lair:4   | XOM: blink monster(s)
 23874 | Lair:4   | XOM: summons 8 hostile demons
 23875 | Lair:4   | XOM: 10-stop teleportation journey
 23896 | Lair:4   | XOM: god gift: 59 gold pieces
 24133 | Lair:4   | XOM: noise
 24144 | Lair:5   | Entered Level 5 of the Lair of Beasts
 24269 | Lair:5   | XOM: polymorph yak -> human
 24321 | Lair:5   | XOM: 4-stop teleportation journey
 24356 | Lair:5   | XOM: noise
 24439 | Lair:5   | XOM: silly message
 24490 | Lair:5   | XOM: potion effect (might)
 24596 | Lair:5   | Mangled by a dire elephant

Illustrated notes

Levels and vault maps discovered:
D:1:      matt_arrival_spirals, layout_basic, grunt_decor_junction
D:2:      layout_basic, basic_altar, corner_web_ring, wad_orctagon, uniq_terence
D:3:      layout_basic, shapermc_ecumenical_altar_hornbeckon,
          uniq_crazy_yiuf_cottage, uniq_jessica, uniq_sigmund
D:4:      layout_basic
D:5:      layout_loops_corners, mainiacjoe_overflow_24_doors,
          nzn_wu_jian_contemplation, lightli_sewer_entry_pipes, serial_shops,
          shop
D:6:      layout_loops_ring, amcnicky_altar_gilded, nicolae_gozag_seed_capital,
          mainiacjoe_overflow_catch_the_wave, minmay_temple_entry_junction_2,
          amcnicky_mini_rare_corridor_liquid, chequers_mini_garden,
          wad_rectangle_vault
D:7:      layout_rooms
D:8:      layout_basic, trog_three_pillars_becter,
          chequers_serial_rivers_small_a
D:9:      minmay_flawed_box, layout_gridville, mainiacjoe_overflow_divided_tiny
D:10:     layout_stronghold, serial_shops, shop
D:11:     layout_layer_cave, due_lair_maze_entry_diamond,
          minmay_misc_feat_pillars, uniq_snorg, uniq_josephine
D:12:     layout_gridville, orc_0_dummy, serial_shops, shop
Lair:1:   layout_gridlike, beast_lair_carwin_9
Lair:2:   layout_layer_cave, hellmonk_spider_entry_not_the_bees,
          gauntlet_entry_generic, infiniplex_staircase_pool_2,
          serial_bayou_shore_a, serial_bayou_shore_b
Lair:3:   gammafunk_indiana_jones, layout_regular_city,
          palyth_hydra_swamp_entry, portal_ice_cave_demonic_guard,
          eino_house_with_fridge
Lair:4:   layout_hall_layers, slime_entry_1, hellmonk_ghost_happy_afterlife,
          lemuel_fruit_fields, grunt_megastairs_5, lemuel_fruit_fields
Lair:5:   wormcave, layout_hall_layers, hangedman_lair_in_review,
          serial_bayou_lake_a, lemuel_fruit_tree

Skill      XL: |  1  2  3  4  5  6  7  8  9 10 11 12 13 14 15 |
---------------+----------------------------------------------+-----
Long Blades    | 3 |  3.0
Axes           | 1 2 3 4 6 7 9 10 11 12 13 | 13.5
Armour         | 2 3 4 5 6 7 |  7.9
Spellcasting   | 1 2 3 4 5 6 |  6.9
Conjurations   | 1 2 3 4 5 6 |  6.9
Hexes          | 1 2 3 4 5 6 |  6.9
Summonings     | 1 2 3 4 5 6 |  6.9
Necromancy     | 1 2 3 4 5 6 |  6.9
Translocations | 1 2 3 4 5 6 |  6.9
Transmutations | 1 2 3 4 5 6 |  6.9
Fire Magic     | 1 2 3 4 5 6 |  6.9
Ice Magic      | 1 2 3 4 5 6 |  6.9
Air Magic      | 1 2 3 4 5 6 |  6.9
Earth Magic    | 1 2 3 4 5 6 |  6.9
Poison Magic   | 1 2 3 4 5 6 |  6.9
Fighting       | 4 5 6 7 8 9 11 12 | 12.0
Dodging        | 3 4 5 6 7 |  7.0
Stealth        | 1 |  1.8
Shields        | 1 3 4 5 |  5.5
Evocations     | 2 4 6 7 8 |  8.2

Action                     |  1- 3 |  4- 6 |  7- 9 | 10-12 | 13-15 || total
---------------------------+-------+-------+-------+-------+-------++-------
  Melee: Falchion          |    71 |       |       |       |       ||    71
         Punch             |     1 |       |     1 |       |       ||     2
         War axe           |    17 |    65 |   218 |   339 |   681 ||  1320
         Headbutt          |       |       |    22 |    84 |   196 ||   302
         Bite              |       |       |    18 |    13 |       ||    31
         Long sword        |       |       |       |       |    16 ||    16
   Cast: Airstrike         |       |       |       |     3 |       ||     3
  Evoke: Wand              |       |       |       |     4 |     3 ||     7
    Use: Potion            |       |     1 |       |     1 |     5 ||     7
         Scroll            |       |       |    14 |     1 |    11 ||    26
   Stab: Sleeping          |     1 |     1 |     4 |     1 |       ||     7
         Paralysed         |       |     1 |       |     1 |       ||     2
         Petrifying        |       |       |     1 |       |     2 ||     3
         Confused          |       |       |       |     5 |     5 ||    10
         Invisible         |       |       |       |     1 |    16 ||    17
         Distracted        |       |       |       |       |     1 ||     1
         Petrified         |       |       |       |       |     1 ||     1
 Armour: Leather armour    |    25 |    28 |   106 |    65 |       ||   224
         Troll leather arm |       |       |       |    40 |       ||    40
         Chain mail        |       |       |       |    57 |   302 ||   359
  Dodge: Dodged            |    58 |    41 |   142 |   188 |   309 ||   738
  Block: Kite shield       |       |       |    37 |       |       ||    37
         Buckler           |       |       |       |    85 |   122 ||   207

Table legend: (Time is in decaauts)
 A = Elapsed time spent in this place.
 B = Non-inter-level travel time spent in this place.
 C = Inter-level travel time spent in this place.
 D = Time resting spent in this place.
 E = Time spent auto-exploring this place.
 F = Levels seen in this place.
 G = Mean time per level.
                   A        B        C        D        E       F      G
               +--------+--------+--------+--------+--------+-----+--------+
         Total |  24680 |  24019 |    661 |   7718 |  12676 |  20 | 1234.0 |
       Dungeon |  16072 |  15542 |    530 |   5476 |   8150 |  12 | 1339.3 |
          Lair |   5857 |   5726 |    131 |    652 |   4046 |   5 | 1171.4 |
         Sewer |    124 |    124 |      0 |      0 |     65 |   1 |  124.0 |
      Ice Cave |   1534 |   1534 |      0 |    921 |    340 |   1 | 1534.0 |
      Gauntlet |   1092 |   1092 |      0 |    668 |     75 |   1 | 1092.0 |
               +--------+--------+--------+--------+--------+-----+--------+

Top non-repeatable levels by time:
     D:1: 5326 daAuts
  Lair:3: 1991 daAuts
   IceCv: 1534 daAuts
  Lair:2: 1391 daAuts
     D:7: 1379 daAuts
     D:3: 1176 daAuts
    D:11: 1151 daAuts
  Lair:4: 1092 daAuts
Gauntlet: 1092 daAuts
    D:10: 1026 daAuts
     D:5: 993 daAuts
  Lair:1: 938 daAuts
     D:2: 936 daAuts
     D:4: 897 daAuts
     D:9: 872 daAuts
